Map: Dusk Towers

Players

xKawaiian - Winner!

  • Race: Terran Terran
  • League: Master

TheDounat

  • Race: Protoss Protoss
  • League: Master

VOD

Have the link to the VOD?

Description

Time

  • Played on: Jan. 16, 2016, 5:38 p.m.
  • Length: 11:36
Show
View Real Time Build Order
Export as new Build Order

xKawaiian Terran - Winner!

Build Orders: Reaper Expand, MMM Bio 

Get SALT Encoding   

  12  0:00  SCV  
  13  0:12  SCV  
  14  0:17  Supply Depot  
  14  0:25  SCV  
  15  0:39  SCV  
  15  0:41  Barracks  
  16  0:47  Refinery  
  16  0:51  SCV  
  17  1:03  SCV  
  18  1:15  SCV  
  19  1:29  Orbital Command  
  19  1:30  Reaper  
  20  1:40  Command Center  
  20  1:51  Supply Depot  
  20  1:54  SCV  
  21  2:03  Barracks Reactor  
  21  2:06  SCV  
  22  2:09  Barracks  
  22  2:17  Barracks  
  22  2:19  SCV  
  23  2:31  SCV  
  24  2:41  Marine x2  
  24  2:43  SCV  
  27  2:52  Orbital Command  
  27  2:55  SCV  
  27  2:56  Barracks Tech Lab  
  28  3:01  Marine x2  
  28  3:05  Marine  
  31  3:07  Factory  
  31  3:08  Refinery  
  31  3:09  SCV  
  32  3:15  Stimpack  
  32  3:18  Marine  
  32  3:19  SCV  
  34  3:21  SCV, Marine  
  34  3:23  Marine  
  34  3:24  Marine  
  38  3:32  Supply Depot  
  38  3:33  SCV  
  39  3:36  SCV, Marine  
  39  3:39  Marine  
  39  3:40  Marine  
  43  3:42  Marine  
  43  3:45  SCV  
  45  3:48  SCV  
  45  3:52  Starport  
  45  3:54  Factory Reactor, Marine  
  47  3:57  Marine  
  47  3:59  Supply Depot, Marine  
  47  4:01  Marine  
  50  4:03  SCV  
  51  4:11  SCV  
  51  4:13  Supply Depot, Marine  
  51  4:15  Marine  
  53  4:17  Marine  
  53  4:21  SCV  
  53  4:23  Supply Depot, Marine  
  56  4:26  SCV  
  56  4:31  Marine  
  58  4:36  SCV  
  58  4:37  Marine  
  62  4:42  Marine x2  
  62  4:44  SCV  
  65  4:48  SCV, Marine  
  65  4:49  Supply Depot  
  67  4:55  Marine  
  67  4:59  Command Center  
  66  5:02  Medivac  
  66  5:06  SCV  
  71  5:07  SCV  
  71  5:12  Engineering Bay  
  72  5:14  Engineering Bay  
  72  5:15  Barracks Reactor  
  72  5:18  SCV  
  72  5:19  Factory Reactor  
  72  5:20  Combat Shields  
  72  5:21  SCV  
  72  5:29  Refinery  
  72  5:30  SCV  
  72  5:31  Marauder, Refinery, Marine  
  72  5:33  SCV, Medivac  
  72  5:34  Medivac  
  82  5:42  SCV  
  82  5:43  Marine  
  77  5:57  Supply Depot  
  77  5:59  Marine  
  77  6:00  Supply Depot  
  78  6:08  Supply Depot  
  78  6:11  SCV x2, Marauder, Medivac x2  
  86  6:15  Supply Depot  
  86  6:16  Marine  
  86  6:18  Marine x2  
  86  6:21  Widow Mine x2, Orbital Command  
  86  6:22  Barracks  
  86  6:23  Barracks  
  92  6:26  SCV x2  
  93  6:38  SCV x2  
  95  6:41  Medivac x2  
  95  6:42  Orbital Command, Marine  
  95  6:43  Marine, Marauder  
  95  6:44  Marine  
  95  6:46  Marine  
  105  6:50  Widow Mine  
  105  6:51  Widow Mine  
  109  7:00  Marine  
  109  7:01  SCV, Marine  
  111  7:04  Terran Infantry Weapons Level 1  
  111  7:05  Terran Infantry Armor Level 1, Marine  
  113  7:12  SCV x2  
  113  7:13  SCV  
  113  7:15  Barracks Reactor, Barracks Tech Lab  
  116  7:16  Concussive Shells  
  116  7:18  Widow Mine  
  116  7:21  Marine  
  116  7:22  Armory  
  119  7:27  Marauder, Marine x2  
  123  7:30  Refinery  
  123  7:31  Refinery, Marine  
  123  7:33  Marine  
  123  7:34  Widow Mine  
  127  7:39  Marine  
  127  7:44  Marine  
  127  7:45  Marine  
  127  7:46  SCV  
  127  7:47  Widow Mine  
  127  7:48  Marine  
  133  7:54  Supply Depot x2  
  133  7:55  Supply Depot  
  133  8:08  Supply Depot  
  133  8:14  Marine  
  133  8:15  SCV, Medivac x2, Marine x3  
  133  8:16  Marauder x2  
  133  8:19  Marine x2  
  147  8:31  Widow Mine x2  
  147  8:32  Marine  
  147  8:33  SCV, Marine  
  143  8:37  Marauder x2, Marine  
  146  8:44  Marine  
  146  8:45  Medivac  
  146  8:46  SCV  
  148  8:51  Command Center  
  148  8:52  SCV  
  149  8:58  Marauder x2  
  149  8:59  Widow Mine x2  
  149  9:00  Marine x2  
  151  9:03  Terran Infantry Weapons Level 2, Terran Infantry Armor Level 2  
  151  9:07  SCV x2  
  153  9:12  Marine  
  154  9:20  Marauder x2  
  154  9:22  Marine x3  
  161  9:24  Marine  
  161  9:25  Marine  
  163  9:34  Marine  
  163  9:38  Widow Mine  
  156  9:41  Marine, Widow Mine, Marauder x2  
  156  9:45  SCV, Supply Depot  
  164  9:52  Marine  
  162  9:53  Marine x2  
  162  9:54  Marine x2  
  162  9:58  Supply Depot  
  162  9:59  SCV  
  161  10:00  Marine  
  161  10:02  Marauder x2  
  161  10:03  Medivac x2  
  161  10:06  Planetary Fortress  
  170  10:16  Liberator  
  170  10:22  SCV  
  170  10:23  Starport  
  170  10:24  Refinery  
  170  10:25  Refinery, Starport, Fusion Core  
  170  10:27  Marine x3  
  174  10:35  Marine x2  
  175  10:36  Marauder x2  
  175  10:38  Marine  
  180  10:44  Marine  
  180  10:45  Marine x2  
  180  10:46  SCV  
  178  10:57  Marauder x2  
  183  11:06  Marine x2  
Show
View Real Time Build Order
Export as new Build Order

TheDounat Protoss 

Build Orders: 1 Gate Expand, Blink Stalkers 

Get SALT Encoding   

  12  0:01  Probe (Chrono Boost)  
  13  0:11  Probe (Chrono Boost)  
  14  0:18  Pylon  
  14  0:22  Probe (Chrono Boost)  
  15  0:36  Probe (Chrono Boost), Gateway  
  15  0:42  Assimilator  
  16  0:47  Probe (Chrono Boost)  
  17  0:57  Probe (Chrono Boost)  
  18  1:08  Probe (Chrono Boost)  
  19  1:18  Probe (Chrono Boost)  
  19  1:22  Nexus  
  20  1:29  Probe (Chrono Boost)  
  21  1:35  Cybernetics Core  
  22  1:40  Probe (Chrono Boost)  
  22  1:41  Assimilator  
  22  1:49  Pylon  
  22  1:52  Probe (Chrono Boost)  
  24  2:12  Mothership Core (Chrono Boost), Adept  
  24  2:15  Warp Gate  
  27  2:30  Probe (Chrono Boost)  
  27  2:35  Probe (Chrono Boost)  
  29  2:41  Probe (Chrono Boost)  
  30  2:45  Probe (Chrono Boost)  
  30  2:47  Twilight Council  
  30  2:51  Probe (Chrono Boost), Pylon  
  32  2:56  Probe (Chrono Boost)  
  33  3:00  Stalker  
  33  3:02  Probe (Chrono Boost)  
  36  3:06  Probe (Chrono Boost)  
  36  3:12  Robotics Facility  
  37  3:14  Probe (Chrono Boost)  
  37  3:18  Probe (Chrono Boost)  
  39  3:29  Blink (Chrono Boost)  
  39  3:30  Probe (Chrono Boost)  
  39  3:31  Probe (Chrono Boost)  
  41  3:37  Gateway  
  41  3:40  Gateway  
  41  3:42  Probe (Chrono Boost)  
  41  3:43  Probe (Chrono Boost)  
  41  3:47  Pylon  
  43  3:53  Probe x2 (Chrono Boost)  
  45  3:58  Pylon  
  45  3:59  Observer  
  46  4:03  Probe (Chrono Boost)  
  46  4:06  Probe (Chrono Boost), Forge  
  48  4:13  Assimilator  
  48  4:15  Assimilator  
  47  4:18  Probe (Chrono Boost), Pylon  
  49  4:24  Probe (Chrono Boost)  
  49  4:29  Observer  
  50  4:34  Probe (Chrono Boost)  
  50  4:35  Stalker x3  
  57  4:42  Probe (Chrono Boost)  
  57  4:44  Probe (Chrono Boost)  
  59  4:46  Photon Cannon  
  59  4:50  Pylon  
  59  4:52  Probe (Chrono Boost)  
  60  4:58  Stalker  
  60  4:59  Stalker x2  
  66  5:04  Probe (Chrono Boost)  
  66  5:05  Probe  
  66  5:06  Protoss Ground Armor Level 1  
  68  5:16  Probe  
  69  5:22  Stalker x2  
  69  5:23  Stalker, Probe  
  76  5:32  Templar Archives  
  76  5:40  Nexus  
  76  5:43  Probe x2  
  76  5:45  Pylon  
  76  5:46  Observer  
  71  6:02  Stalker  
  71  6:03  Stalker x2  
  77  6:06  Probe  
  78  6:12  Psionic Storm  
  78  6:16  Probe  
  79  6:19  Immortal (Chrono Boost)  
  79  6:25  Probe  
  84  6:28  Pylon  
  84  6:29  Pylon  
  84  6:30  Pylon  
  83  6:38  Pylon  
  83  6:43  Probe  
  84  6:50  High Templar  
  86  6:55  Gateway  
  86  6:57  Immortal (Chrono Boost)  
  86  6:58  Gateway  
  86  7:00  Gateway x2  
  90  7:01  High Templar  
  92  7:08  Assimilator  
  92  7:10  Probe  
  92  7:13  Assimilator  
  92  7:15  Charge (Chrono Boost)  
  94  7:24  Pylon  
  94  7:25  Adept x2, Pylon  
  94  7:29  Pylon  
  97  7:50  Zealot x3  
  103  7:51  Probe  
  103  7:52  Probe  
  103  7:53  Probe  
  106  8:00  High Templar  
  106  8:01  High Templar  
  106  8:02  Probe  
  106  8:05  Probe  
  112  8:07  Protoss Ground Weapons Level 1  
  112  8:09  Pylon  
  112  8:11  Pylon  
  112  8:12  Robotics Bay  
  112  8:14  Robotics Facility  
  109  8:21  Stalker x3  
  115  8:35  Stalker x3  
  115  8:40  Zealot  
  120  8:58  Photon Cannon  
  116  9:41  Disruptor (Chrono Boost)  
  116  9:43  Disruptor (Chrono Boost)  
  118  9:56  Probe  
  119  10:09  Nexus  
  119  10:14  Adept x2  
  119  10:15  Adept  
  119  10:16  Colossus (Chrono Boost)  
  119  10:18  Colossus (Chrono Boost), Nexus  
  135  10:40  Adept x4  
  135  10:41  Adept x3  
  149  10:47  Forge  
  124  11:03  High Templar x2  
  108  11:04  Zealot x4  
  109  11:15  Archon  
  109  11:18  Adept  
Tags
 
Add a new tag
Caveats
  • Supply blocks, unpowered buildings, or Contaminate may cause inaccurate times.
  • Supply counts are checked every 10 seconds.